 Dungeon Crawl Stone Soup version 0.22.0-38-g04b72b8 (webtiles) character file.

115088 dvd the Imperceptible (level 16, -2/74 HPs)
             Began as a Spriggan Enchanter on Aug 30, 2018.
             Was an Initiate of Gozag.
             Splashed by a deep elf sorcerer's acid (12 damage)
             ... on level 1 of the Elven Halls.
             The game lasted 03:30:20 (40231 turns).

dvd the Imperceptible (Spriggan Enchanter)         Turns: 40231, Time: 03:30:21

Health: -2/74      AC:  6    Str:  5    XL:     16   Next: 17%
Magic:  34/37      EV: 25    Int: 27    God:    Gozag
Gold:   6138       SH: 16    Dex: 18    Spells: 13/48 levels left

rFire    + . .     SeeInvis +   a - +7 dagger (protect)
rCold    + . .     Gourm    .   G - +3 buckler {rN+}
rNeg     + . .     Faith    .   Z - +0 robe of the Iron Devil {rElec Int+6} (curse)
rPois    .         Spirit   .   (helmet restricted)
rElec    +         Reflect  +   S - scarf {rC+ rF+}
rCorr    .         Harm     .   (gloves unavailable)
MR       +++..     Rnd*Tele +   (boots unavailable)
Stlth    ++++++++..             D - +6 amulet of reflection
HPRegen  0.22/turn              v - ring of protection from magic
MPRegen  0.25/turn              Y - ring of Robustness {AC+8}

@: corroded, very quick
A: very small, unfitting armour, see invisible, herbivore, speed 3, slow
metabolism 2, teleportitis 1
a: Potion Petition, Call Merchant, Bribe Branch, Renounce Religion


You were on level 1 of the Elven Halls.
You worshipped Gozag.
Gozag was greatly pleased with you.
You were not hungry.

You visited 6 branches of the dungeon, and saw 26 of its levels.
You also visited: Labyrinth, Bailey and Ice Cave.

You collected 10218 gold pieces.
You spent 1919 gold pieces at shops.
You paid 2161 gold pieces to Gozag.

Inventory:

Hand Weapons
 a - a +7 dagger of protection (weapon)
 b - a +4 rapier of speed
 A - the +9 staff of Olgreb {rPois}
   (You found it on level 8 of the Dungeon)

   It protects you from poison.
 B - a +3 scimitar of flaming
 Q - a +2 long sword of flaming
Armour
 s - a +2 robe of magic resistance
 u - a +1 cloak of invisibility
 y - a +2 cloak of magic resistance
 G - a +3 buckler of positive energy (worn)
 H - the +1 robe of Mysticism {rC- Regen+ Str+8 Int-5}
   (You bought it in a shop on level 2 of the Orcish Mines)

   It affects your strength (+8).
   It affects your intelligence (-5).
   It makes you vulnerable to cold.
   It increases your rate of regeneration.
 I - a +2 robe of cold resistance
 S - a scarf of resistance (worn)
 Z - the cursed +0 robe of the Iron Devil (worn) {rElec Int+6}
   (You bought it in a shop on level 2 of the Orcish Mines)

   It affects your intelligence (+6).
   It insulates you from electricity.
   It has a curse placed upon it.
Jewellery
 p - an uncursed ring of protection from fire
 v - a ring of protection from magic (left hand)
 D - a +6 amulet of reflection (around neck)
 K - an uncursed ring of protection from cold
 R - an uncursed ring of resist corrosion
 V - the amulet of the Countless Lives {Inacc +Fly rElec MP+9 Stlth+}
   (You found it on level 4 of the Lair of Beasts)

   [amulet of inaccuracy]

   It reduces the accuracy of all your attacks.
   It insulates you from electricity.
   It affects your magic capacity (+9).
   It lets you fly.
   It makes you more stealthy.
 Y - the ring of Robustness (right hand) {AC+8}
   (You found it on level 15 of the Dungeon)

   [ring of protection]

   It affects your AC (+8).
Wands
 e - a wand of flame (35)
 m - a wand of polymorph (46)
 n - a wand of paralysis (40)
 w - a wand of iceblast (20)
 x - a wand of acid (19)
 C - a wand of disintegration (13)
 E - a wand of enslavement (13)
 J - a wand of clouds (4)
 M - a wand of random effects (21)
 W - a wand of digging (25)
Scrolls
 c - 3 scrolls of enchant armour
 f - 12 scrolls of teleportation
 i - 3 scrolls of magic mapping
 j - 16 scrolls of identify
 k - 4 scrolls of amnesia
 q - 9 scrolls of remove curse
 F - 3 scrolls of fog
 L - 3 scrolls of silence
 N - a scroll of blinking
 O - 4 scrolls of enchant weapon
 T - a scroll of summoning
 X - a scroll of immolation
Potions
 g - 7 potions of curing
 h - 6 potions of flight
 l - 3 potions of agility
 o - 5 potions of lignification
 r - 3 potions of haste
 t - a potion of invisibility
 z - 4 potions of resistance
Miscellaneous
 U - a crystal ball of energy
Comestibles
 d - 33 rations


   Skills:
 + Level 3.8 Fighting
 + Level 9.2 Short Blades
 + Level 0.2(4.3) Long Blades
 + Level 2.4 Staves
 + Level 9.0 Dodging
 + Level 21.6 Stealth
 + Level 3.2 Shields
 + Level 16.5 Spellcasting
 + Level 1.6 Conjurations
 + Level 15.6 Hexes
 + Level 0.4 Summonings
 + Level 1.2 Transmutations
 + Level 1.0 Fire Magic
 + Level 7.7 Ice Magic
 * Level 4.7 Evocations


You had 13 spell levels left.
You knew the following spells:

 Your Spells              Type           Power        Failure   Level  Hunger
a - Cause Fear            Hex            #######...   1%          4    None
b - Ensorcelled Hibernat  Hex/Ice        ######       1%          2    None
c - Confuse               Hex            #######.     0%          3    None
d - Tukima's Dance        Hex            #######.     0%          3    None
e - Dazzling Spray        Conj/Hex       ######       1%          3    None
f - Inner Flame           Hex/Fire       ######..     1%          3    None
g - Summon Ice Beast      Ice/Summ       #####...     5%          4    None
h - Ozocubu's Armour      Chrm/Ice       #####...     1%          3    None
i - Metabolic Englaciati  Hex/Ice        ######....   1%          5    None
j - Yara's Violent Unrav  Hex/Tmut       ######....   2%          5    None

Your spell library contained the following spells:

 Spells                   Type           Power        Failure   Level  Hunger
 Confusing Touch          Hex            ######       0%          1    None
 Corona                   Hex            #######      0%          1    None
 Slow                     Hex            #######.     0%          2    None
 Freeze                   Ice            ####         1%          1    None
 Throw Frost              Conj/Ice       #####.       1%          2    None
 Portal Projectile        Hex/Tloc       ######       1%          3    None
 Summon Guardian Golem    Hex/Summ       ######..     1%          3    None
 Leda's Liquefaction      Hex/Erth       ######....   1%          4    None
 Summon Small Mammal      Summ           ###.         2%          1    None
 Call Imp                 Summ           ###.....     3%          2    None
 Throw Icicle             Conj/Ice       #####...     4%          4    None
 Ignite Poison            Fire/Tmut/Pois ####....     6%          3    None
 Call Canine Familiar     Summ           ###.....     8%          3    None
 Gell's Gravitas          Tloc           ###.......   9%          3    None
 Petrify                  Tmut/Erth      ####....     22%         4    None
 Summon Lightning Spire   Summ/Air       ###.....     26%         4    None
 Fireball                 Conj/Fire      ####......   43%         5    None
 Bolt of Magma            Conj/Fire/Erth ####......   50%         5    None
 Iskenderun's Battlesphe  Conj/Chrm      ####....     50%         5    None
 Venom Bolt               Conj/Pois      ####......   50%         5    None
 Bolt of Fire             Conj/Fire      ####......   95%         6    ###....
 Iron Shot                Conj/Erth      ####......   97%         6    ###....
 Statue Form              Tmut/Erth      ####.....    98%         6    ###....
 Orb of Destruction       Conj           ####......   100%        7    #####..
 Ring of Flames           Chrm/Fire      ####......   100%        7    #####..
 Spellforged Servitor     Conj/Summ      ####......   100%        7    #####..
 Ignition                 Fire           ####......   100%        8    ######.
 Shatter                  Erth           ###.......   100%        9    #######


Dungeon Overview and Level Annotations

Branches:
Dungeon (15/15)            Temple (1/1) D:4            Lair (6/6) D:10
  Swamp (1/4) Lair:4        Snake (0/4) Lair:3        Slime (0/5) Lair:6
    Orc (2/2) D:12            Elf (1/3) Orc:2        Vaults (0/5) D:14
 Depths (0/5) D:15

Altars:
Ashenzari
Cheibriados
Dithmenos
Elyvilon
Fedhas
Gozag
Hepliaklqana
Kikubaaqudgha
Makhleb
Nemelex Xobeh
Okawaru
Qazlal
Ru
Sif Muna
Trog
Uskayaw
Vehumet
Wu Jian
Xom
Yredelemnul
Zin
The Shining One
Beogh
Jiyva

Shops:
Orc:1 *   Orc:2 (=[*((*   Lair:1 !

Annotations:
D:14 exclusion: Roxanne, Roxanne
Lair:6 3 runed doors, Loudmushroom's ghost, journeyman MiBe; kalagan's ghost, journeyman DEFE


Innate Abilities, Weirdness & Mutations

You are very small and have problems with some larger weapons.
You are too small for most types of armour.
You have supernaturally acute eyesight. (SInv)
You are a herbivore.
You cover ground extremely quickly.
You need to consume almost no food.
You are occasionally teleported next to monsters.


Message History

The acid burns!
The deep elf archer shouts!
Casting: Ensorcelled Hibernation (safe; 1% risk of failure)
Confirm with . or Enter, or press ? or * to list all spells.
Aiming: Tukima's Dance (safe; 0% risk of failure)
Press: ? - help, Shift-Dir - straight line, f - deep elf knight
Aim: a deep elf knight, wielding a scimitar (chance to defeat MR: 48%)
The scimitar dances into the air!
The deep elf archer shouts!
A deep elf mage comes into view. It is wielding a long sword.
The deep elf archer unwields an uncursed short sword.
The deep elf archer wields an uncursed shortbow.
The deep elf archer shoots an arrow.
The arrow hits you.
You see here an arrow.
The deep elf sorcerer gestures at you while chanting.
The bolt of acid hits you!
* * * LOW HITPOINT WARNING * * *
You are splashed with acid!
The acid burns!
You die...
Your body crumbles into a pile of gold.

##+## # #........# #...####
e##.e......#### .......# $
..e...(......(. ........##
#.........##. .........##
###..........(. #...# #...#
#....ee".$..# #...#
#...###.##.#.#....#..
#...###...##.....(##.#.###.
...).......#....@## .. ..
..<........'..#.## ##. ...
.).[.......##..## .# ..
#.))###...###.#.# . . #...#
#...#......# ..
#[..###...###.....#
........^## ######.#
........######## #.##
.......##......# #...####


You could see a deep elf sorcerer, 2 deep elf archers, a deep elf knight and a
friendly scimitar.

Vanquished Creatures
  A minotaur (Lab)
  Josephine (Lair:5)
  A yaktaur captain (D:15)
  Erolcha (Orc:1)
  Fannar (D:10)
  4 hydras
  Erica (D:7)
  A death knight (D:13)
  A catoblepas (Lair:5)
  2 two-headed ogres
  3 centaur warriors
  An alligator (Swamp:1)
  2 tengu warriors (D:15)
  5 orc high priests (Orc:2)
  Urug (D:10)
  2 deep elf knights (Elf:1)
  3 hell knights (D:11)
  Sonja (Lair:2)
  Nergalle (Lair:2)
  7 iron trolls (D:15)
  5 unseen horrors
  Pikel (D:7)
  13 orc knights
  A deep elf archer (Elf:1)
  2 lindwurms (Lair:2)
  4 necromancers
  3 cyclopes
  7 deep elf magi
  2 manticores
  2 orc sorcerers (Orc:2)
  12 slime creatures
  7 oklob plants
  A wolf spider (Lair:1)
  Maurice (D:8)
  9 ugly things
  3 ice statues (IceCv)
  7 elephants
  3 black mambas
  6 gargoyles
  A torpor snail (Lair:4)
  10 spiny frogs
  11 komodo dragons
  3 rime drakes
  2 freezing wraiths (D:13)
  A yaktaur (D:15)
  7 ice devils (IceCv)
  9 trolls
  A tengu conjurer (D:14)
  6 hornets
  2 bog bodies (Swamp:1)
  5 polar bears
  Prince Ribbit (D:7)
  9 blink frogs
  A meliai zombie (D:15)
  4 dream sheep
  A centaur simulacrum (D:15)
  18 hippogriffs
  A hippogriff (shapeshifter) (D:13)
  3 wyverns
  2 redbacks (Lab)
  6 wraiths
  11 spriggans
  3 vampires
  39 yaks
  A shadow (D:13)
  8 hungry ghosts
  3 basilisks
  A steam dragon (D:13)
  6 hogs (Lair:6)
  2 vampire mosquitoes (D:15)
  2 wargs
  7 water moccasins
  7 hell hounds (D:11)
  10 porcupines
  42 orc warriors
  3 swamp drakes
  6 black bears
  8 ogres
  7 sky beasts
  13 ice beasts
  An eye of draining (D:13)
  4 slaves (D:7)
  5 boggarts (Lair:6)
  20 wolves
  16 centaurs
  14 crocodiles
  3 big kobolds
  26 bullfrogs
  2 wyvern skeletons
  4 scorpions
  9 killer bees
  10 wights
  3 electric eels (Lair:2)
  4 howler monkeys
  A lava snake (D:14)
  8 crimson imps
  3 bullfrog zombies (D:12)
  4 centaur zombies
  2 draconian simulacra (IceCv)
  5 jellies
  39 orc priests
  3 hounds
  4 bullfrog skeletons
  29 orc wizards
  A centaur skeleton (D:10)
  4 iguanas
  18 worker ants
  7 troll simulacra (IceCv)
  2 hound skeletons
  3 worker ant zombies
  24 adders
  7 gnolls
  A naga simulacrum (IceCv)
  A shadow imp (D:8)
  2 adder zombies
  An ooze (D:4)
  3 adder skeletons
  2 worms
  2 dart slugs
  3 leopard geckos
  117 orcs
  4 ball pythons
  18 bats
  4 giant cockroaches
  11 goblins
  12 hobgoblins
  19 jackals
  3 quokkas
  7 frilled lizards
  21 kobolds
  A leopard gecko skeleton (D:4)
  7 rats
936 creatures vanquished.

Vanquished Creatures (collateral kills)
  Kirke (Lair:6)
  A hydra (Lair:5)
  A hell knight (D:11)
  2 orc knights (Orc:2)
  4 deep elf magi (Elf:1)
  A hornet (Swamp:1)
  4 spriggans
  2 nagas (Lair:3)
  9 orc warriors
  An ogre (D:7)
  A centaur (Bailey)
  6 wights
  2 orc priests
  An orc wizard (Orc:1)
  4 gnolls (D:6)
  12 orcs (Bailey)
  A plant (Lair:6)
53 creatures vanquished.

Vanquished Creatures (others)
  A necromancer (D:11)
  A deep elf mage (Elf:1)
  A tyrant leech (Swamp:1)
  A human (Lair:6)
  10 dancing weapons
  2 centaurs (D:14)
  A shadow imp (D:13)
  An orc (D:12)
  A bush (Lair:6)
  88 fungi
  70 plants
  9 toadstools (Lair:2)
  4 withered plants (Lair:6)
190 creatures vanquished.

Grand Total: 1179 creatures vanquished

Notes
Turn   | Place    | Note
-------+----------+-------------------------------------------
     0 | D:1      | dvd the Spriggan Enchanter began the quest for the Orb.
     0 | D:1      | Reached XP level 1. HP: 9/9 MP: 5/5
   348 | D:1      | Reached XP level 2. HP: 13/13 MP: 6/6
   594 | D:1      | Learned a level 2 spell: Ensorcelled Hibernation
  1446 | D:1      | Reached XP level 3. HP: 13/16 MP: 0/8
  1618 | D:1      | Reached skill level 5 in Stealth
  1799 | D:2      | Learned a level 3 spell: Confuse
  2693 | D:2      | Reached XP level 4. HP: 20/21 MP: 0/9
  3486 | D:3      | Reached XP level 5. HP: 25/25 MP: 5/11
  3712 | D:3      | Reached skill level 1 in Ice Magic
  4040 | D:3      | Reached skill level 6 in Stealth
  4413 | D:4      | Reached XP level 6. HP: 25/29 MP: 7/12
  4622 | D:4      | Found a staircase to the Ecumenical Temple.
  4703 | D:5      | Entered Level 5 of the Dungeon
  4715 | D:5      | Noticed an ice beast
  4719 | D:5      | Reached skill level 7 in Stealth
  4776 | D:5      | Killed an ice beast
  4951 | D:5      | Noticed a sky beast
  4958 | D:5      | Killed a sky beast
  4958 | D:5      | Reached skill level 1 in Fighting
  4958 | D:5      | Reached XP level 7. HP: 33/33 MP: 11/14
  5103 | D:5      | Reached skill level 5 in Hexes
  5262 | D:5      | Learned a level 3 spell: Tukima's Dance
  5294 | D:5      | Reached skill level 8 in Stealth
  5539 | D:5      | Learned a level 3 spell: Dazzling Spray
  5566 | D:5      | Reached skill level 5 in Spellcasting
  5656 | D:5      | Found a hazy altar of Hepliaklqana.
  6094 | D:4      | Reached XP level 8. HP: 37/37 MP: 9/16
  6265 | D:5      | Reached skill level 9 in Stealth
  6392 | Temple   | Entered the Ecumenical Temple
  6464 | Temple   | Became a worshipper of Gozag Ym Sagoz the Greedy
  6600 | D:5      | Found a basalt altar of Yredelemnul.
  7058 | D:6      | Found a sparkling altar of Nemelex Xobeh.
  7125 | D:6      | Reached skill level 10 in Stealth
  7354 | D:6      | Reached skill level 5 in Dodging
  7434 | D:6      | Found an ancient bone altar of Kikubaaqudgha.
  7466 | D:6      | Found a shimmering altar of Xom.
  8138 | D:7      | Noticed a hippogriff
  8145 | D:7      | Killed a hippogriff
  8145 | D:7      | Reached XP level 9. HP: 41/41 MP: 14/19
  8176 | D:7      | Reached skill level 5 in Short Blades
  8204 | D:7      | Noticed Pikel
  8492 | D:7      | Killed Pikel
  8492 | D:7      | Reached skill level 11 in Stealth
  8560 | D:7      | Found a deep blue altar of Sif Muna.
  8657 | D:7      | Found an iron altar of Okawaru.
  9165 | D:7      | Noticed a gargoyle
  9167 | D:7      | Killed a gargoyle
  9172 | D:7      | Noticed a gargoyle
  9174 | D:7      | Killed a gargoyle
  9179 | D:7      | Noticed a gargoyle
  9181 | D:7      | Killed a gargoyle
  9181 | D:7      | Reached skill level 12 in Stealth
  9190 | D:7      | Noticed a gargoyle
  9192 | D:7      | Killed a gargoyle
  9192 | D:7      | Reached XP level 10. HP: 46/46 MP: 22/22
  9206 | D:7      | Noticed a gargoyle
  9225 | D:7      | Killed a gargoyle
  9485 | D:7      | Found a snail-covered altar of Cheibriados.
  9777 | D:8      | Noticed Maurice
  9779 | D:8      | Killed Maurice
  9842 | D:8      | Found the +9 staff of Olgreb {rPois}
  9931 | D:8      | Noticed Erica
  9945 | D:8      | Noticed Prince Ribbit
  9964 | D:7      | Killed Prince Ribbit
  9964 | D:7      | Reached skill level 13 in Stealth
 10054 | D:7      | Killed Erica
 10273 | D:7      | Reached skill level 1 in Staves
 11405 | D:9      | Reached XP level 11. HP: 27/50 MP: 22/25
 11413 | D:9      | Reached skill level 14 in Stealth
 11622 | D:9      | Found a shimmering altar of Xom.
 11793 | D:9      | Reached skill level 5 in Ice Magic
 12239 | D:10     | Entered Level 10 of the Dungeon
 12495 | D:10     | Noticed Fannar
 12926 | D:10     | Reached skill level 15 in Stealth
 13048 | D:10     | Found a staircase to the Lair.
 13351 | D:10     | Noticed Urug
 13591 | D:10     | Killed Urug
 13618 | D:10     | Killed Fannar
 13618 | D:10     | Reached skill level 10 in Spellcasting
 14158 | D:11     | Found a flagged portal.
 14199 | Bailey   | Entered a bailey
 14417 | Bailey   | Reached skill level 10 in Hexes
 14718 | Bailey   | Found the +7 Singing Sword
 15369 | Bailey   | Identified a scroll of acquirement
 15598 | D:11     | Reached XP level 12. HP: 56/56 MP: 27/27
 16419 | D:11     | Reached skill level 16 in Stealth
 16612 | Lair:1   | Entered Level 1 of the Lair of Beasts
 17429 | Lair:1   | Bought a potion of degeneration for 16 gold pieces
 17429 | Lair:1   | Bought a potion of resistance for 160 gold pieces
 17429 | Lair:1   | Bought a potion of curing for 48 gold pieces
 17429 | Lair:1   | Bought 2 potions of curing for 96 gold pieces
 17429 | Lair:1   | Bought a potion of curing for 48 gold pieces
 18058 | Lair:2   | Learned a level 4 spell: Cause Fear
 18062 | Lair:2   | Learned a level 3 spell: Inner Flame
 18094 | Lair:2   | Reached skill level 1 in Shields
 18142 | Lair:2   | Reached skill level 17 in Stealth
 18160 | Lair:2   | Noticed a four-headed hydra
 18167 | Lair:2   | Killed a four-headed hydra
 18252 | Lair:2   | Found a runed door.
 18458 | Lair:2   | Noticed Nergalle
 18464 | Lair:2   | Killed Nergalle
 18464 | Lair:2   | Reached XP level 13. HP: 60/60 MP: 30/30
 18594 | Lair:2   | Noticed Sonja
 18621 | Lair:2   | Killed Sonja
 18662 | Lair:2   | Learned a level 4 spell: Summon Ice Beast
 18926 | Lair:2   | Learned a level 3 spell: Ozocubu's Armour
 19046 | Lair:3   | Reached skill level 1 in Evocations
 19122 | Lair:3   | You fall through a shaft!
 19288 | Lair:4   | Got a steaming bone amulet
 19289 | Lair:4   | Identified the amulet of the Countless Lives {Inacc +Fly rElec MP+9 Stlth+} (You found it on level 4 of the Lair of Beasts)
 19519 | Lair:4   | Reached skill level 1 in Conjurations
 19692 | Lair:4   | Found a staircase to the Swamp.
 20390 | Lair:3   | Found a staircase to the Snake Pit.
 20946 | Lair:5   | Found a labyrinth entrance.
 21014 | Lair:5   | Reached skill level 18 in Stealth
 21225 | Lab      | Entered a labyrinth
 21932 | Lab      | Noticed a minotaur
 22001 | Lab      | Killed a minotaur
 23421 | Lair:6   | Entered Level 6 of the Lair of Beasts
 23435 | Lair:6   | Noticed Josephine
 23528 | Lair:5   | Reached skill level 19 in Stealth
 23528 | Lair:5   | Reached XP level 14. HP: 65/65 MP: 17/32
 23676 | Lair:5   | Killed Josephine
 23973 | Lair:6   | Found a runed gate.
 23974 | Lair:6   | Found a runed gate.
 23975 | Lair:6   | Found a runed gate.
 23977 | Lair:6   | Noticed kalagan's ghost (journeyman DEFE)
 23978 | Lair:6   | Noticed Loudmushroom's ghost (journeyman MiBe)
 25013 | Lair:6   | Noticed Kirke
 25057 | Lair:6   | Noticed a sphinx
 25300 | Lair:6   | Killed Kirke
 25607 | Lair:6   | Got a faintly glowing hunting sling
 25608 | Lair:6   | Identified the cursed +0 hunting sling of Uskayaw's Hope {freeze, rElec Str+3 Dex-4} (You found it on level 6 of the Lair of Beasts)
 25618 | Lair:6   | Found a runed door.
 25619 | Lair:6   | Found a viscous altar of Jiyva.
 25624 | Lair:6   | Found a staircase to the Slime Pits.
 26785 | D:12     | Found a snail-covered altar of Cheibriados.
 28172 | D:12     | Reached skill level 20 in Stealth
 28180 | D:12     | Found a staircase to the Orcish Mines.
 28469 | Orc:1    | Entered Level 1 of the Orcish Mines
 28476 | Orc:1    | Found a roughly hewn altar of Beogh.
 28496 | Orc:1    | Noticed Erolcha
 28525 | Orc:1    | Killed Erolcha
 28617 | Orc:1    | Found Cuv Saoj's General Store.
 28918 | Orc:1    | Bought a potion of curing for 42 gold pieces
 28918 | Orc:1    | Bought a ration for 70 gold pieces
 28918 | Orc:1    | Bought a ration for 70 gold pieces
 28918 | Orc:1    | Bought a potion of curing for 42 gold pieces
 28918 | Orc:1    | Bought a ration for 70 gold pieces
 28918 | Orc:1    | Bought a scroll of teleportation for 42 gold pieces
 28953 | Orc:1    | Found a frozen archway.
 28981 | IceCv    | Entered an ice cave
 30342 | IceCv    | Reached skill level 15 in Spellcasting
 31218 | Orc:2    | Entered Level 2 of the Orcish Mines
 31278 | Orc:2    | Found Xikhonux's Weapon Emporium.
 31332 | Orc:2    | Gained mutation: You are occasionally teleported next to monsters. [a neqoxec]
 31497 | Orc:2    | Learned a level 5 spell: Metabolic Englaciation
 31545 | Orc:2    | Reached XP level 15. HP: 68/69 MP: 9/35
 31624 | Orc:2    | Found a staircase to the Elven Halls.
 32535 | Orc:2    | Learned a level 5 spell: Yara's Violent Unravelling
 33845 | Orc:2    | Found Ulesh's Assorted Antiques.
 33848 | Orc:2    | Found Yxkoqoyb's General Store.
 33849 | Orc:2    | Found Notuwkir's Weapon Boutique.
 33851 | Orc:2    | Found Quloulur's Antique Weapon Shop.
 33876 | Orc:2    | Bought a scroll of enchant armour for 105 gold pieces
 33876 | Orc:2    | Bought a scroll of enchant weapon for 105 gold pieces
 33883 | Orc:2    | Bought a brightly glowing long sword for 204 gold pieces
 33883 | Orc:2    | Identified the +3 long sword of Strategic Superiority {chaos, Str+3} (You bought it in a shop on level 2 of the Orcish Mines)
 33986 | Orc:2    | Bought an ichor-stained robe for 153 gold pieces
 33986 | Orc:2    | Bought a warped robe for 153 gold pieces
 33986 | Orc:2    | Identified the +1 robe of Mysticism {rC- Regen+ Str+8 Int-5} (You bought it in a shop on level 2 of the Orcish Mines)
 33987 | Orc:2    | Identified the cursed +0 robe of the Iron Devil {rElec Int+6} (You bought it in a shop on level 2 of the Orcish Mines)
 35565 | D:14     | Found a gate to the Vaults.
 35945 | D:14     | Noticed Roxanne
 36323 | D:14     | Reached skill level 21 in Stealth
 36385 | D:14     | Found a glowing golden altar of the Shining One.
 36540 | D:15     | Entered Level 15 of the Dungeon
 36779 | D:15     | Reached skill level 15 in Hexes
 36946 | D:15     | Found a staircase to the Depths.
 37792 | D:15     | Found Wuaceule's Food Emporium.
 37812 | D:15     | Bought a ration for 55 gold pieces
 37812 | D:15     | Bought a ration for 55 gold pieces
 37812 | D:15     | Bought a ration for 55 gold pieces
 37812 | D:15     | Bought a ration for 55 gold pieces
 37812 | D:15     | Bought a ration for 55 gold pieces
 37812 | D:15     | Bought a ration for 55 gold pieces
 37812 | D:15     | Bought a ration for 55 gold pieces
 37812 | D:15     | Bought a ration for 55 gold pieces
 37812 | D:15     | Bought a ration for 55 gold pieces
 38504 | D:15     | Reached XP level 16. HP: 74/74 MP: 12/37
 38622 | D:15     | Found the ring of Robustness {AC+8}
 38677 | D:15     | Reached skill level 1 in Transmutations
 39126 | Swamp:1  | Entered Level 1 of the Swamp
 39747 | Elf:1    | Entered Level 1 of the Elven Halls
 40134 | Elf:1    | Reached skill level 1 in Fire Magic
 40231 | Elf:1    | Splashed by a deep elf sorcerer's acid

Skill      XL: |  1  2  3  4  5  6  7  8  9 10 11 12 13 14 15 16 |
---------------+-------------------------------------------------+-----
Spellcasting   | 3 4 5 6 7 9 10 12 13 15 16 | 16.5
Stealth        | 5 6 7 8 10 12 13 15 17 19 20 21 | 21.6
Hexes          | 4 5 6 7 9 10 12 13 15 | 15.6
Short Blades   | 2 3 4 5 6 7 8 9 |  9.2
Ice Magic      | 1 2 3 4 5 6 7 |  7.7
Dodging        | 4 5 6 7 8 9 |  9.0
Fighting       | 1 2 3 |  3.8
Staves         | 1 2 |  2.4
Shields        | 1 2 3 |  3.2
Evocations     | 3 4 |  4.7
Conjurations   | 1 |  1.6
Transmutations | 1 |  1.2
Fire Magic     | 1 |  1.0
Long Blades    | |  0.2
Summonings     | |  0.4

Action                   |  1- 3 |  4- 6 |  7- 9 | 10-12 | 13-15 | 16-18 || total
-------------------------+-------+-------+-------+-------+-------+-------++-------
Melee: Dagger            |   136 |   289 |   503 |   287 |  1125 |    28 ||  2368
       Staff             |       |       |       |   150 |     4 |    40 ||   194
       Short sword       |       |       |       |     8 |       |       ||     8
       Scimitar          |       |       |       |     6 |    41 |       ||    47
       Rapier            |       |       |       |       |   102 |       ||   102
 Cast: Corona            |    13 |       |       |       |       |       ||    13
       Ensorcelled Hiber |    40 |    52 |    91 |   114 |   330 |    14 ||   641
       Confuse           |     1 |     4 |    15 |    76 |   213 |    11 ||   320
       Tukima's Dance    |       |       |     6 |    37 |    54 |     7 ||   104
       Dazzling Spray    |       |       |     1 |    32 |   110 |     6 ||   149
       Cause Fear        |       |       |       |     1 |     3 |       ||     4
       Summon Ice Beast  |       |       |       |       |    14 |     2 ||    16
       Inner Flame       |       |       |       |       |    28 |     9 ||    37
       Ozocubu's Armour  |       |       |       |       |     1 |       ||     1
       Yara's Violent Un |       |       |       |       |    12 |     5 ||    17
       Metabolic Englaci |       |       |       |       |       |     1 ||     1
Invok: Call Merchant     |       |       |       |     1 |     2 |       ||     3
       Potion Petition   |       |       |       |       |       |     1 ||     1
Evoke: Wand              |       |       |       |       |    21 |       ||    21
       Box of beasts     |       |       |       |       |     1 |     1 ||     2
       Crystal ball of e |       |       |       |       |       |     1 ||     1
  Use: Scroll            |       |       |       |    25 |    14 |     4 ||    43
       Potion            |       |       |       |     3 |     9 |     1 ||    13
 Stab: Sleeping          |    30 |    37 |    56 |   101 |   232 |     9 ||   465
       Confused          |       |     3 |     7 |    33 |   118 |     4 ||   165
       Distracted        |       |     1 |     3 |     2 |     7 |     2 ||    15
       Invisible         |       |       |       |     6 |    32 |     2 ||    40
       Fleeing           |       |       |       |       |     1 |       ||     1
  Eat: Ration            |     1 |     3 |     4 |     4 |    12 |     1 ||    25
Armor: Robe              |    20 |    51 |    52 |    34 |    45 |     4 ||   206
Dodge: Dodged            |   114 |   222 |   322 |   260 |   395 |    34 ||  1347
Block: Other             |       |       |       |    29 |       |     8 ||    37
       Reflection        |       |       |       |     3 |    36 |     5 ||    44
       Buckler           |       |       |       |    44 |   423 |     9 ||   476
       Rpst.: Scimitar   |       |       |       |     1 |     5 |       ||     6
